 Dungeon Crawl Stone Soup version 0.31-a0-986-g5e6e4ef867 (webtiles) character file.

Game seed: 637160714332583940

10389 wildpjah the Carver (level 11, -6/80 HPs)
             Began as a Demonspawn Gladiator on Nov 22, 2023.
             Was a Priest of Wu Jian.
             Mangled by a sixfirhy (11 damage)
             ... on level 2 of the Abyss.
             The game lasted 00:38:37 (8343 turns).

wildpjah the Carver (Demonspawn Gladiator)          Turns: 8343, Time: 00:38:40

Health: -6/80      AC: 15    Str: 14 (15) XL:     11   Next: 35%
Magic:  0/11       EV: 10    Int:  8 (9)  God:    Wu Jian [***...]
Gold:   1105       SH:  0    Dex: 17 (19) Spells: 10/10 levels left

rFire   . . .        d - +4 great sword (spect)
rCold   + . .        (shield currently unavailable)
rNeg    + . .        K - +0 chain mail "Gaehynel" {rN+}
rPois   .            (helmet restricted)
rElec   .            B - +0 cloak
rCorr   .            (no gloves)
SInv    .            (no boots)
Will    .....        w - amulet of guardian spirit Stlth
                     k - ring of protection from cold
HPRegen 0.33/turn    (no ring)
MPRegen 0.12/turn

%: guardian spirit
@: exhausted, invisible
A: horns 2, icy blue scales 2, powered by death 3
a: Renounce Religion, Wall Jump, Serpent's Lash


You were on level 2 of the Abyss.
You worshipped Wu Jian.
Wu Jian was most pleased with you.
You visited 2 branches of the dungeon, and saw 10 of its levels.
You visited the Abyss 1 time.
You also visited: Bailey.

You collected 1105 gold pieces.

Inventory:

Hand Weapons
 a - a +0 long sword
 d - a +4 spectral great sword (weapon)
 h - a +0 falchion
 v - a +0 falchion of electrocution
 C - a +0 great sword
 F - a +0 scimitar
Missiles
 N - 6 atropa-tipped darts (quivered)
Armour
 b - a +0 leather armour
 c - a +1 helmet
 x - a +0 scale mail
 y - a +0 chain mail
 B - a +0 cloak (worn)
 K - the +0 chain mail "Gaehynel" (worn) {rN+}
   (You found it in a bailey)

   rN+:       It protects you from negative energy.
Jewellery
 f - a ring of fire
 k - a ring of protection from cold (left hand)
 l - a ring of ice
 w - an amulet of guardian spirit (around neck)
 M - an amulet of faith
Wands
 t - a wand of flame (36)
 D - a wand of polymorph (10)
 H - a wand of digging (6)
 J - a wand of paralysis (11)
Scrolls
 g - a scroll of amnesia
 j - 2 scrolls of fear
 s - a scroll of teleportation
 u - 6 scrolls of identify
 L - a scroll of fog
Potions
 m - a potion of heal wounds {unknown}
 n - 4 potions of curing
 o - a potion of magic {unknown}
 p - a potion of brilliance {unknown}
 q - 4 potions of attraction {unknown}
 r - 3 potions of enlightenment
 A - a potion of lignification


   Skills:
 + Level 5.2 Fighting
 * Level 12.2 Long Blades
 + Level 2.6 Throwing
 * Level 7.4 Armour
 * Level 7.2 Dodging
 + Level 2.7 Stealth
 + Level 0.2 Evocations


You had 10 spell levels left.
You didn't know any spells.
Your spell library contained the following spells:

 Spells                   Type           Power      Damage    Failure   Level
 Blink                    Tloc           0%         N/A       100%        2
 Lesser Beckoning         Tloc           0%         N/A       100%        2
 Momentum Strike          Conj/Tloc      0%         3d8       100%        2
 Poisonous Vapours        Pois/Air       0%         N/A       100%        2
 Inner Flame              Hex/Fire       0%         N/A       100%        3
 Mephitic Cloud           Conj/Pois/Air  0%         N/A       100%        3
 Flame Wave               Conj/Fire      0%         2d4       100%        4
 Sticky Flame             Conj/Fire      0%         2d3       100%        4
 Freezing Cloud           Conj/Ice/Air   0%         6-21      100%        5


Dungeon Overview and Level Annotations

Branches:
Dungeon (9/15)             Temple (1/1) D:4            Lair (0/5) D:9
 Bailey (visited)
    Orc: D:9-12

Altars:
Ashenzari
Cheibriados
Dithmenos
Fedhas
Gozag
Hepliaklqana
Kikubaaqudgha
Makhleb
Okawaru
Qazlal
Ru
Sif Muna
Trog
Uskayaw
Vehumet
Wu Jian
Xom
Yredelemnul

Shops:
D:4 [=   D:7 *   D:8 :

Annotations:
D:9 Erolcha


Innate Abilities, Weirdness & Mutations

You have a pair of horns on your head.
You are mostly covered in icy blue scales. (AC +3)
You regenerate a lot of health from kills.


Message History

You spin and attack the ufetubus.
You hit the ufetubus.
You headbutt the ufetubus, but do no damage.
The ufetubus is lightly wounded.
Your +4 spectral great sword barely misses the ufetubus.
The ufetubus barely misses you. The ufetubus closely misses you.
The sixfirhy barely misses you.
Your +4 spectral great sword disappears.
The sixfirhy barely misses you. The sixfirhy hits you. The sixfirhy shocks you!
The sixfirhy barely misses you. The ufetubus closely misses you.
The ufetubus hits you but does no damage.
The sixfirhy hits you but does no damage.
A raiju comes into view.
The raiju barks!
The sixfirhy hits you but does no damage.
The sixfirhy hits you. The sixfirhy shocks you!
* * * LOW HITPOINT WARNING * * *
The sixfirhy closely misses you.
The raiju bursts into living lightning!
The living lightning misses the ufetubus.
The living lightning hits the sixfirhy.
The sixfirhy completely resists.
The living lightning hits you!
* * * LOW HITPOINT WARNING * * *
The raiju blinks! x3; The sixfirhy closely misses you.
Your muscles tense, ready for explosive movement...
You spin and attack the sixfirhy, with incredible momentum.
You catch the helpless sixfirhy completely off-guard!
You hit the sixfirhy. Your headbutt misses the sixfirhy.
The sixfirhy is lightly wounded.
Your +4 spectral great sword hits the sixfirhy!
Your supernatural speed expires.
There are no items here.
Your +4 spectral great sword disappears.
A smoke demon comes into view.
Aiming: Wall Jump
Press: ? - help, Dir - move target The smoke demon roars!
The sixfirhy hits you.
* * * LOW HITPOINT WARNING * * *
The sixfirhy shocks you!
You die...

##... . ....## .. .
.3..# . # .. ###.#.###
.## # .# #....... #...#
X ###..... . .#../..#
#....○○## .##... .#
#..○@####....## .
#..○○3#..#....#.#####
#...#.###..##...##..#.##
.###....#.#.#. .##....##
#. #...#○..#.# 5#...
.....###h..##5X ...#.
##....#.....#.55.. #.
.... #...#5X#####..#.
.#.#...##.#.#..# #..#


You could see a sixfirhy (unable to see you), a smoke demon (wandering, unable
to see you), a raiju and an ufetubus (summoned, unable to see you).

Vanquished Creatures
  2 two-headed ogres
  5 death yaks (D:9)
  A tengu warrior (D:9)
  Sigmund (D:6)
  10 yaks
  Eustachio (D:5)
  Edmund (D:5)
  A water moccasin (D:7)
  6 orc warriors
  3 ogres
  A small abomination (Abyss:2)
  Blork the orc (D:5)
  2 bullfrogs
  7 kobold brigands
  A gnoll sergeant (D:6)
  4 scorpions
  6 wights
  5 killer bees (D:9)
  2 electric eels (D:9)
  2 centaur zombies (D:7)
  A bullfrog zombie (D:7)
  4 hounds
  4 jellies
  A quasit (Abyss:2)
  4 gnoll boudas
  A sleepcap (D:8)
  5 orc priests
  3 iguanas
  8 orc wizards
  3 killer bee zombies (D:7)
  4 howler monkey zombies (D:7)
  20 gnolls
  8 adders
  3 worms
  3 dart slugs
  34 orcs
  9 ball pythons
  An endoplasm (D:2)
  4 giant cockroaches
  6 goblins
  5 hobgoblins
  8 jackals
  4 quokkas
  5 bats
  19 kobolds
  3 rats
232 creatures vanquished.

Vanquished Creatures (others)
  A hound (D:6)
  2 spectral weapons
  9 starspawn tentacles (Abyss:2)
12 creatures vanquished.

Grand Total: 244 creatures vanquished

Notes
Turn   | Place    | Note
-------+----------+-------------------------------------------
     0 | D:1      | wildpjah the Demonspawn Gladiator began the quest for the
                  | Orb.
     0 | D:1      | Reached XP level 1. HP: 16/16 MP: 1/1
   182 | D:1      | Gained mutation: You are partially covered in icy blue
                  | scales. (AC +2) [demonic ancestry]
   182 | D:1      | Reached XP level 2. HP: 14/22 MP: 2/2
   301 | D:1      | Reached skill level 3 in Long Blades
   720 | D:2      | Found a faded altar of an unknown god.
   789 | D:2      | Found an ornate altar of the Wu Jian Council.
   798 | D:2      | Gained mutation: You regenerate a little health from kills.
                  | [demonic ancestry]
   798 | D:2      | Reached XP level 3. HP: 5/27 MP: 3/3
  1053 | D:2      | Reached skill level 1 in Armour
  1633 | D:3      | Gained mutation: You regenerate health from kills. [demonic
                  | ancestry]
  1633 | D:3      | Reached XP level 4. HP: 33/33 MP: 4/4
  2121 | D:4      | Noticed a scorpion
  2190 | D:4      | Killed a scorpion
  2191 | D:4      | Gained mutation: You are mostly covered in icy blue scales.
                  | (AC +3) [demonic ancestry]
  2191 | D:4      | Reached XP level 5. HP: 35/38 MP: 5/5
  2255 | D:4      | Found Qeegijop's Antique Armour Shop.
  2546 | D:4      | Found Tesao's Jewellery Emporium.
  2571 | D:4      | Found a staircase to the Ecumenical Temple.
  2596 | Temple   | Entered the Ecumenical Temple
  2692 | D:2      | Became a worshipper of the Wu Jian Council
  2796 | D:4      | Reached skill level 4 in Long Blades
  2796 | D:4      | Reached XP level 6. HP: 44/44 MP: 6/6
  2849 | D:5      | Entered Level 5 of the Dungeon
  2985 | D:5      | Noticed Blork the orc
  2991 | D:5      | Killed Blork the orc
  3064 | D:5      | Noticed Eustachio
  3088 | D:5      | Killed Eustachio
  3089 | D:5      | Reached XP level 7. HP: 27/51 MP: 7/7
  3245 | D:5      | Reached skill level 5 in Long Blades
  3245 | D:5      | Reached skill level 5 in Dodging
  3378 | D:5      | You fall into a shaft and drop 1 floor!
  3390 | D:6      | Found a hide-covered altar of Uskayaw.
  3590 | D:6      | Noticed Sigmund
  3613 | D:6      | Killed Sigmund
  3614 | D:6      | Reached skill level 6 in Long Blades
  3614 | D:6      | Gained mutation: You have a pair of small horns on your
                  | head. [demonic ancestry]
  3614 | D:6      | Reached XP level 8. HP: 56/58 MP: 8/8
  4062 | D:6      | Noticed Edmund
  4079 | D:5      | HP: 1/58 [Edmund/+4 heavy flail (21)]
  4081 | D:5      | Killed Edmund
  4463 | D:6      | Found an ornate altar of the Wu Jian Council.
  4495 | D:6      | Reached skill level 1 in Stealth
  4513 | D:6      | Reached * piety under Wu Jian
  4627 | D:6      | Reached skill level 7 in Long Blades
  5064 | D:6      | Found a shimmering altar of Xom.
  5065 | D:6      | Noticed an angel
  5240 | D:7      | Reached XP level 9. HP: 28/58 MP: 9/9
  5302 | D:7      | Reached skill level 5 in Armour
  5367 | D:7      | Reached skill level 8 in Long Blades
  5425 | D:7      | Found Diohis's Assorted Antiques.
  5506 | D:7      | Noticed a two-headed ogre
  5519 | D:7      | Killed a two-headed ogre
  5587 | D:7      | Reached ** piety under Wu Jian
  5644 | D:7      | Reached skill level 9 in Long Blades
  6227 | D:8      | Gained mutation: You have a pair of horns on your head.
                  | [demonic ancestry]
  6227 | D:8      | Reached XP level 10. HP: 58/71 MP: 10/10
  6409 | D:8      | Found Usmuov's Vocational Training.
  6732 | D:8      | Found an iron altar of Okawaru.
  6737 | D:8      | Identified the +3 robe of the Hunter {Will+ Str+3}
  6855 | D:9      | Noticed a death yak
  6906 | D:9      | Found a flagged portal.
  6916 | Bailey   | Entered a bailey
  6933 | Bailey   | Reached *** piety under Wu Jian
  6982 | Bailey   | Reached skill level 10 in Long Blades
  6984 | Bailey   | Identified the +0 chain mail "Gaehynel" {rN+}
  7005 | Bailey   | Found a bloodstained altar of Trog.
  7210 | D:9      | Found a radiant altar of Vehumet.
  7212 | D:9      | Found an opulent altar of Gozag.
  7218 | D:9      | Noticed a tengu warrior
  7229 | D:9      | Killed a tengu warrior
  7329 | D:9      | Noticed a death yak
  7334 | D:9      | Killed a death yak
  7335 | D:9      | Reached skill level 11 in Long Blades
  7340 | D:9      | Killed a death yak
  7389 | D:9      | Found a staircase to the Lair.
  7392 | D:9      | Noticed a death yak
  7393 | D:9      | Noticed a death yak
  7393 | D:9      | Noticed a death yak
  7407 | D:9      | Killed a death yak
  7408 | D:9      | Gained mutation: You regenerate a lot of health from kills.
                  | [demonic ancestry]
  7408 | D:9      | Reached XP level 11. HP: 6/78 MP: 0/11
  7418 | D:9      | Killed a death yak
  7419 | D:9      | Reached skill level 5 in Fighting
  7420 | D:9      | Killed a death yak
  7652 | D:9      | Reached skill level 12 in Long Blades
  7669 | D:9      | Found a stormy altar of Qazlal.
  7671 | D:9      | Found a shadowy altar of Dithmenos.
  7789 | D:9      | Noticed a two-headed ogre
  7794 | D:9      | Killed a two-headed ogre
  8137 | D:9      | Noticed Erolcha
  8150 | Abyss:2  | Cast into level 2 of the Abyss (Erolcha)
  8293 | Abyss:2  | Noticed a tentacled starspawn
  8318 | Abyss:2  | Noticed a sixfirhy
  8343 | Abyss:2  | Mangled by a sixfirhy

Illustrated notes

Levels and vault maps discovered:
D:1:      lemuel_arrival_rhombus, layout_basic
D:2:      layout_basic, basic_altar, nicolae_ecumenical_snake_handling
D:3:      layout_loops_cross
D:4:      layout_rooms, minmay_temple_entry_proselytizer, serial_shops,
          nicolae_shop_hallway_plus, shop, serial_curves, eino_curves_04,
          eino_curves_04
D:5:      layout_basic, kennysheep_generic_room_2, uniq_blork_the_orc,
          uniq_eustachio
D:6:      layout_cave_pods, nicolae_uskayaw_suspiria,
          grunt_temple_overflow_order_and_chaos_1, nzn_wu_jian_council_hall,
          uniq_sigmund, uniq_edmund
D:7:      layout_cave_pods, serial_undead, serial_undead_b, serial_undead_a,
          serial_undead_d, serial_undead_a, serial_shops, shop
D:8:      layout_basic, okawaru_trees_1, nicolae_shop_vocational
D:9:      layout_stronghold, nicolae_overflow_hidden_temple, dpeg_lair_monsters,
          enter_bailey_3, kennysheep_cluttered_room, uniq_erolcha
Temple:   minmay_temple_bridge_abc
Abyss:2:  base: D:7, minivault_4, minivault_4

Skill      XL: |  1  2  3  4  5  6  7  8  9 10 11 |
---------------+----------------------------------+-----
Dodging        | 3 4 5 6 7 |  7.2
Long Blades    | 3 4 6 7 9 11 12 | 12.2
Armour         | 1 2 3 4 6 7 |  7.4
Throwing       | 2 |  2.6
Fighting       | 3 4 5 |  5.2
Stealth        | 1 2 |  2.7
Evocations     | |  0.2

Action                     |  1- 3 |  4- 6 |  7- 9 | 10-12 || total
---------------------------+-------+-------+-------+-------++-------
  Melee: Falchion          |   140 |    99 |   320 |       ||   559
         Long sword        |     9 |       |       |       ||     9
         Punch             |       |     1 |     7 |       ||     8
         Headbutt          |       |       |    49 |    26 ||    75
         Great sword       |       |       |    30 |   163 ||   193
  Throw: Javelin           |       |     9 |       |     4 ||    13
         Throwing net      |       |     3 |     8 |       ||    11
         Dart              |       |       |       |     2 ||     2
 Invoke: Serpent's Lash    |       |       |       |     5 ||     5
Ability: Whirlwind         |       |       |    33 |    35 ||    68
         Lunge             |       |       |    29 |    23 ||    52
         Wall Jump         |       |       |       |     6 ||     6
  Evoke: Wand              |       |     2 |       |       ||     2
    Use: Scroll            |       |       |     9 |     2 ||    11
         Potion            |       |       |     2 |     6 ||     8
   Stab: Sleeping          |     1 |       |       |       ||     1
         Held in net/web   |       |       |     5 |       ||     5
         Distracted        |       |       |       |     2 ||     2
         Invisible         |       |       |       |     1 ||     1
 Armour: Leather armour    |    89 |    55 |    49 |       ||   193
         Scale mail        |       |    38 |       |       ||    38
         Chain mail        |       |       |   176 |   129 ||   305
         Skin              |       |       |       |    12 ||    12
  Dodge: Dodged            |   113 |   107 |   195 |    80 ||   495

Table legend: (Time is in decaauts)
 A = Elapsed time spent in this place.
 B = Non-inter-level travel time spent in this place.
 C = Inter-level travel time spent in this place.
 D = Time resting spent in this place.
 E = Time spent auto-exploring this place.
 F = Levels seen in this place.
 G = Mean time per level.
                   A        B        C        D        E       F      G
               +--------+--------+--------+--------+--------+-----+--------+
         Total |   8419 |   7950 |    469 |    421 |   5651 |  12 |  701.6 |
       Dungeon |   7967 |   7499 |    468 |    421 |   5384 |   9 |  885.2 |
        Temple |     11 |     10 |      1 |      0 |      0 |   1 |   11.0 |
         Abyss |    195 |    195 |      0 |      0 |    122 |   1 |  195.0 |
        Bailey |    244 |    244 |      0 |      0 |    144 |   1 |  244.0 |
               +--------+--------+--------+--------+--------+-----+--------+

Top non-repeatable levels by time:
     D:5: 1203 daAuts
     D:9: 1087 daAuts
     D:6: 1058 daAuts
     D:7: 924 daAuts
     D:2: 862 daAuts
     D:3: 744 daAuts
     D:4: 723 daAuts
     D:8: 708 daAuts
     D:1: 654 daAuts
  Bailey: 244 daAuts
 Abyss:2: 195 daAuts
  Temple: 11 daAuts
